 Dungeon Crawl Stone Soup version 0.22.1-2-g9c5b331383 (console) character file.

187 Kloppie the Cudgeler (level 5, -11/54 HPs)
             Began as a Troll Berserker on Dec 26, 2018.
             Was a Believer of Trog.
             Mangled by a gnoll
             ... wielding a +0 flail
              (14 damage)
             ... on level 3 of the Dungeon.
             The game lasted 00:03:23 (1908 turns).

Kloppie the Cudgeler (Troll Berserker)              Turns: 1908, Time: 00:03:24

Health: -11/54     AC:  5    Str: 25    XL:     5   Next: 39%
Magic:  4/4        EV: 10    Int:  3    God:    Trog [**....]
Gold:   111        SH:  0    Dex: 10    Spells: 4/4 levels left

rFire    . . .     SeeInvis .   a - +0 mace
rCold    . . .     Gourm    +   (no shield)
rNeg     . . .     Faith    .   b - +0 animal skin
rPois    .         Spirit   .   (helmet restricted)
rElec    .         Reflect  .   (no cloak)
rCorr    .         Harm     .   (gloves unavailable)
MR       ++...                  (boots unavailable)
Stlth    +.........             (no amulet)
HPRegen  1.58/turn              (no ring)
MPRegen  0.09/turn              (no ring)

@: berserk cooldown, regenerating, slowed, very slow
A: large, unfitting armour, claws 3, fast metabolism 3, gourmand, regeneration
1, shaggy fur 1, tough skin 2
a: Berserk, Trog's Hand, Renounce Religion


You were on level 3 of the Dungeon.
You worshipped Trog.
Trog was pleased with you.
You were very full.

You visited 1 branch of the dungeon, and saw 3 of its levels.

You collected 111 gold pieces.

Inventory:

Hand Weapons
 a - a +0 mace (weapon)
Armour
 b - a +0 animal skin (worn)
Jewellery
 d - an uncursed ring of protection from magic {unknown}
 h - a cursed amulet of inaccuracy {unknown}
 i - a +2 ring of protection {unknown}
Scrolls
 f - 2 scrolls of enchant weapon {unknown}
 g - 4 scrolls of remove curse {unknown}
 j - a scroll of fear {unknown}
 m - a scroll of immolation {unknown}
 o - 2 scrolls of identify {unknown}
 p - a scroll of magic mapping {unknown}
 q - a scroll of teleportation {unknown}
Potions
 e - a potion of lignification {unknown}
 l - a potion of heal wounds {unknown}
 n - 2 potions of agility {unknown}
Comestibles
 c - 6 rations
 k - 5 chunks of flesh


   Skills:
 + Level 4.0 Fighting
 + Level 4.3 Maces & Flails
 - Level 2.4 Dodging


You had 4 spell levels left.
You didn't know any spells.
Your spell library was empty.

Dungeon Overview and Level Annotations

Branches:
Dungeon (3/15)

Altars:
Hepliaklqana


Innate Abilities, Weirdness & Mutations

You are too large for most types of armour.
You have claws for hands.
Your metabolism is lightning-fast.
You like to eat raw meat.
Your natural rate of healing is unusually fast.
You are covered in fur. (AC +1)
You have very tough skin. (AC +2)


Message History

You hit the gnoll.
The gnoll is moderately wounded.
The gnoll hits you with a flail!
* * * LOW HITPOINT WARNING * * *
You hit the gnoll.
The gnoll is moderately wounded.
You are no longer berserk.
You are exhausted.
You feel yourself slow down. The gnoll barely misses you. The gnoll misses you.
You closely miss the gnoll.
The gnoll is moderately wounded.
The gnoll closely misses you. The gnoll hits you with a flail.
* * * LOW HITPOINT WARNING * * *
You barely miss the gnoll.
The gnoll is moderately wounded.
You feel the effects of Trog's Hand fading.
The gnoll hits you from afar with a halberd!!
* * * LOW HITPOINT WARNING * * *
The gnoll hits you with a flail!
You die...

##..........##....
.#..........##...< ### #
##.#..........##....
.......#.#..#..........##....
##..###...#.##................
.......#....................)
#..#.#.#.#.#####+#####......#
#..#...#...#.>.#+#####.[....#
#..#.###....................#
#........#####...............
#.........gg@................
..[............###.........#####.
##############.# #.........# ##
#........##.###.........######
####.######.##.....#######.......
......[..........#.# #.......
####.######......#.# #.......
.....#..........##.#### #.......
)#####.########.......# #.......
...# #.#.........#.##.# #.......
##.###.#.#####......#.# #>......


You could see 2 gnolls.

Vanquished Creatures
  Natasha (thrice) (D:2)
  2 gnolls (D:3)
  2 adders
  2 oozes
  2 worms
  A dart slug (D:1)
  A leopard gecko (D:1)
  3 orcs (D:3)
  4 giant cockroaches
  4 goblins
  5 hobgoblins
  A quokka (D:2)
  2 ball pythons (D:1)
  9 bats
  3 frilled lizards (D:1)
  5 kobolds
  11 rats
60 creatures vanquished.

Notes
Turn   | Place    | Note
-------+----------+-------------------------------------------
     0 | D:1      | Kloppie the Troll Berserker began the quest for the Orb.
     0 | D:1      | Reached XP level 1. HP: 22/22 MP: 0/0
    26 | D:1      | Reached XP level 2. HP: 29/29 MP: 1/1
   619 | D:1      | Reached XP level 3. HP: 35/37 MP: 2/2
   663 | D:1      | Reached ** piety under Trog
   839 | D:2      | Found a hazy altar of Hepliaklqana.
   961 | D:2      | Noticed Natasha
   968 | D:2      | HP: 1/55 [Natasha (6)]
   969 | D:2      | Killed Natasha
   969 | D:2      | Reached XP level 4. HP: 1/45 MP: 3/3
  1090 | D:2      | Noticed Natasha
  1094 | D:2      | Killed Natasha
  1280 | D:2      | Noticed Natasha
  1290 | D:2      | Killed Natasha
  1292 | D:2      | Reached XP level 5. HP: 39/54 MP: 4/4
  1908 | D:3      | Mangled by a gnoll

Skill      XL: |  1  2  3  4  5 |
---------------+----------------+-----
Maces & Flails | 3 4 |  4.3
Fighting       | 3 4 |  4.0
Dodging        | |  2.4

Action                   |  1- 3 |  4- 6 || total
-------------------------+-------+-------++-------
Melee: Mace              |   119 |    94 ||   213
Invok: Berserk           |     1 |     1 ||     2
       Trog's Hand       |       |     1 ||     1
 Stab: Sleeping          |     1 |       ||     1
  Eat: Chunk             |    15 |    10 ||    25
Armor: Animal skin       |    65 |    27 ||    92
Dodge: Dodged            |    96 |    57 ||   153
